[Event "Titled Tuesday Blitz July 4 Late 2023"]
[White "Le Goff, Ronan"]
[Black "Plat, Vojtech"]
[WhiteFideId "612073"]
[BlackFideId "325740"]
[WhiteElo "2474"]
[BlackElo "2744"]
[Result "0-1"]
[Round "3"]
[TimeControl "180+2"]
[Date "2023.07.04"]
[WhiteClock "0:01:38"]
[BlackClock "0:02:17"]
[Board "64"]

1. d4 d6 2. e4 Nf6 3. Nc3 e5 4. Nf3 Nbd7 5. Bc4 Be7 6. O-O O-O 7. a4 a5 8. Re1 c6 9. h3 Nb6 10. Bb3 Nfd7 11. dxe5 dxe5 12. Be3 Qc7 13. Qe2 Nc5 14. Ba2 h6 15. Red1 Nbxa4 16. Nxa4 Nxa4 17. Bxf7+ Rxf7 18. Rxa4 b5 19. Raa1 Be6 20. Nh2 a4 21. b3 Rff8 22. bxa4 bxa4 23. c4 a3 24. Ng4 Kh7 25. c5 a2 26. Qc2 Rfb8 27. Bd2 Bb3 28. Qc1 Bxd1 29. Qxd1 Qd7 30. Nxe5 Qd4 31. Qh5 Qxa1+ 32. Be1 Qxe1+ 33. Kh2 Qxf2 34. Qg6+ Kh8 35. Nf7+ Qxf7 36. Qxf7 Bf6 0-1


[Site "https://www.chess.com"]

[Event "Titled Tuesday Blitz July 4 Late 2023"]
[White "Erenberg, Ariel"]
[Black "Molenda, Marcin"]
[WhiteFideId "2811634"]
[BlackFideId "1173065"]
[WhiteElo "2743"]
[BlackElo "2471"]
[Result "0-1"]
[Round "3"]
[TimeControl "180+2"]
[Date "2023.07.04"]
[WhiteClock "0:00:03"]
[BlackClock "0:00:07"]
[Board "65"]

1. e4 c6 2. Nf3 d5 3. Nc3 a6 4. d4 Bg4 5. h3 Bxf3 6. Qxf3 e6 7. Bd3 Nf6 8. O-O dxe4 9. Nxe4 Qxd4 10. Be3 Qd8 11. Rad1 Nbd7 12. Rd2 Nd5 13. Bg5 N7f6 14. c4 Nxe4 15. Bxd8 Nxd2 16. Qe2 Nxf1 17. cxd5 Rxd8 18. dxe6 Be7 19. exf7+ Kxf7 20. Bc4+ Ke8 21. Kxf1 Rd6 22. Qe5 Rf8 23. Qxg7 h6 24. Ke2 Kd8 25. g3 b5 26. Bb3 c5 27. f4 c4 28. Bc2 Re8 29. Kf3 Bf6 30. Qxh6 Re3+ 31. Kg4 Re2 32. Qf8+ Kc7 33. Bf5 Rxb2 34. Qc8+ Kb6 35. Qb8+ Kc5 36. Qc7+ Rc6 37. Qa7+ Kb4 38. Be4 Rd6 39. Qc7 Rbd2 40. Kf5 Bb2 41. g4 R2d4 42. g5 a5 43. g6 Rf6+ 44. Kg5 Rxe4 45. g7 Re8 46. Qd7 Rfe6 47. Qxe6 Rxe6 48. g8=Q Rd6 49. Qf8 Kc5 50. f5 b4 51. h4 c3 52. h5 c2 53. Qc8+ Rc6 54. Qf8+ Kb5 55. Qb8+ Ka4 56. Qe8 c1=Q+ 57. Kg4 Qg1+ 58. Kf4 Qf2+ 59. Ke4 Qd4+ 60. Kf3 Qc4 61. f6 Bxf6 62. h6 Qd5+ 63. Kg4 Qg5+ 64. Kf3 Qf5+ 65. Ke3 Qe5+ 66. Kf3 Qxe8 67. Kg4 Qh8 68. h7 Qxh7 69. Kf4 Qg6 70. Ke3 Rc4 71. Kf3 Qe4+ 72. Kf2 Rc3 73. Kf1 Qc2 74. Ke1 Rd3 0-1


[Site "https://www.chess.com"]

[Event "Titled Tuesday Blitz July 4 Late 2023"]
[White "Fiedorek, Michal"]
[Black "Goryachkina, Aleksandra"]
[WhiteFideId "1199528"]
[BlackFideId "4147103"]
[WhiteElo "2469"]
[BlackElo "2721"]
[Result "1/2-1/2"]
[Round "3"]
[TimeControl "180+2"]
[Date "2023.07.04"]
[WhiteClock "0:00:24"]
[BlackClock "0:00:00"]
[Board "66"]

1. e4 c5 2. Nf3 e6 3. d4 cxd4 4. Nxd4 Nc6 5. Nb5 Nf6 6. e5 Ne4 7. Qg4 f5 8. exf6 Nxf6 9. Qg3 d6 10. Bd3 a6 11. N5c3 Qc7 12. O-O Qf7 13. Na3 b5 14. Ne4 Nxe4 15. Bxe4 d5 16. Bd3 Be7 17. Bg5 Bxg5 18. Qxg5 O-O 19. c3 Bb7 20. Nc2 e5 21. Ne3 d4 22. Nf5 Qf6 23. Qxf6 Rxf6 24. cxd4 Nxd4 25. Nxd4 exd4 26. Rfe1 Raf8 27. f3 Rd8 28. Re5 g6 29. Rae1 Bd5 30. a3 Bc4 31. Rd1 Bxd3 32. Rxd3 Rc6 33. Re2 Rc1+ 34. Kf2 a5 35. Red2 a4 36. Kg3 Rc4 37. b3 axb3 38. Rxb3 Ra4 39. Rbd3 Rd5 40. Kf4 Rd7 41. Ke4 Kf7 42. Rxd4 Rdxd4+ 43. Rxd4 Rxa3 44. Rd7+ Kg8 45. Rb7 Ra2 46. g3 Rxh2 47. Rxb5 Re2+ 48. Kf4 1/2-1/2


[Site "https://www.chess.com"]

[Event "Titled Tuesday Blitz July 4 Late 2023"]
[White "Wieczorek, Oskar"]
[Black "Rengifo Blancas, Renzo Jhonathan"]
[WhiteFideId "1133950"]
[BlackFideId "3807185"]
[WhiteElo "2717"]
[BlackElo "2465"]
[Result "1-0"]
[Round "3"]
[TimeControl "180+2"]
[Date "2023.07.04"]
[WhiteClock "0:00:18"]
[BlackClock "0:00:00"]
[Board "67"]

1. e4 e5 2. Nf3 d6 3. Nc3 Nf6 4. h3 Be7 5. Bc4 O-O 6. d3 c5 7. a4 Nc6 8. Bg5 Be6 9. Bxf6 Bxf6 10. Nd5 g6 11. O-O Bg7 12. c3 h6 13. Ne3 Kh7 14. Bd5 Qd7 15. a5 a6 16. Nc4 Rae8 17. Nb6 Qd8 18. Qa4 Bxd5 19. Nxd5 Ne7 20. Qb3 Nxd5 21. Qxd5 Qc7 22. Nd2 f5 23. Nc4 f4 24. f3 g5 25. b4 Rd8 26. Rab1 Qf7 27. Qxf7 Rxf7 28. Nb6 Bf8 29. Nd5 Rc8 30. b5 c4 31. Nb6 Rc5 32. dxc4 Rfc7 33. Nd5 Rc8 34. Rfd1 Kg6 35. Rb3 Rxc4 36. bxa6 bxa6 37. Rb6 R8c6 38. Rdb1 Kh5 39. Rxc6 Rxc6 40. Rb6 Rc5 41. Rxa6 Rb5 42. Ra8 Kh4 43. Kh2 Bg7 44. Rg8 Rb7 45. Re8 h5 46. Re7 Rb2 47. Rxg7 g4 48. hxg4 hxg4 49. Rxg4+ Kh5 50. Nf6+ Kh6 51. Ne8 d5 52. exd5 Kh5 53. Nf6+ Kh6 54. Ne4 Kh5 55. Rg5+ Kh6 56. Rxe5 Kg6 57. Re6+ Kf5 58. a6 Ra2 59. Rf6+ Ke5 60. d6 Rxa6 61. d7 Ra8 62. c4 Rh8+ 63. Kg1 Kd4 64. Rd6+ Ke3 65. d8=Q Ke2 66. Rd2+ Ke1 67. Rd1+ 1-0


[Site "https://www.chess.com"]

[Event "Titled Tuesday Blitz July 4 Late 2023"]
[White "Shapiro, Viktor"]
[Black "Jaracz, Pawel"]
[WhiteFideId "4175700"]
[BlackFideId "1102222"]
[WhiteElo "2462"]
[BlackElo "2705"]
[Result "0-1"]
[Round "3"]
[TimeControl "180+2"]
[Date "2023.07.04"]
[WhiteClock "0:00:02"]
[BlackClock "0:00:53"]
[Board "68"]

1. c4 c5 2. Nc3 g6 3. g3 Bg7 4. Bg2 Nc6 5. Nf3 e6 6. O-O Nge7 7. d3 O-O 8. Bg5 h6 9. Bd2 b6 10. a3 Bb7 11. Rb1 d6 12. b4 Qd7 13. Qc1 Kh7 14. h4 f5 15. e3 Bf6 16. Ne2 g5 17. hxg5 hxg5 18. Bc3 e5 19. b5 Nd8 20. d4 e4 21. Nd2 Ne6 22. d5 Ng7 23. g4 fxg4 24. Nxe4 Bxc3 25. Qxc3 Kh6 26. N2g3 Ng6 27. Nf6 Rxf6 28. Qxf6 Rf8 29. Qc3 Ne5 30. Be4 Nf3+ 31. Kg2 Nh4+ 32. Kh1 Bc8 33. Rb2 Qe7 34. f3 gxf3 35. Rh2 Bg4 36. Bc2 Nh5 37. Nxh5 Bxh5 38. Qd3 g4 39. Qe4 Qxe4 40. Bxe4 Kg5 41. Rg1 Re8 42. Bc2 Rxe3 43. Rf2 Kf4 44. Kh2 Bg6 45. Bxg6 Nxg6 46. Rg3 Ne5 47. Rc2 Re2+ 48. Rxe2 fxe2 49. Rg1 Nf3+ 0-1


[Site "https://www.chess.com"]

[Event "Titled Tuesday Blitz July 4 Late 2023"]
[White "Daggupati, Balaji"]
[Black "Kazmin_Semyon"]
[WhiteFideId "2090759"]
[WhiteElo "2693"]
[BlackElo "2462"]
[Result "1-0"]
[Round "3"]
[TimeControl "180+2"]
[Date "2023.07.04"]
[WhiteClock "0:02:03"]
[BlackClock "0:00:00"]
[Board "69"]

1. e4 d5 2. exd5 Qxd5 3. Nc3 Qd8 4. d4 Nf6 5. Nf3 Bg4 6. Be2 e6 7. O-O c6 8. Ne5 Bxe2 9. Qxe2 Be7 10. Be3 Nbd7 11. f4 O-O 12. f5 exf5 13. Rxf5 Bb4 14. Nxd7 Nxd7 15. Ne4 Qe7 16. Ng3 Rae8 17. Rf3 Nf6 18. c3 Ba5 19. Nf5 Qe4 20. Nd6 Qh4 21. Nxe8 Rxe8 22. Qf2 Qh5 23. Re1 Ng4 24. Qg3 Bd8 25. Bf4 Rf8 26. h3 Bh4 27. Qxg4 Qxg4 28. hxg4 Bxe1 29. g3 Re8 30. Kf1 c5 31. d5 c4 32. d6 Kf8 33. d7 Rd8 34. Bd6+ Kg8 35. Re3 1-0


[Site "https://www.chess.com"]

[Event "Titled Tuesday Blitz July 4 Late 2023"]
[White "Balla, Tamas-Kristof"]
[Black "Rosen, Eric"]
[WhiteFideId "1208497"]
[BlackFideId "2032562"]
[WhiteElo "2455"]
[BlackElo "2673"]
[Result "0-1"]
[Round "3"]
[TimeControl "180+2"]
[Date "2023.07.04"]
[WhiteClock "0:00:21"]
[BlackClock "0:00:18"]
[Board "70"]

1. e4 c5 2. Nf3 Nc6 3. c3 d5 4. exd5 Qxd5 5. d4 e6 6. Be3 cxd4 7. cxd4 Nf6 8. Nc3 Qd6 9. Bd3 Be7 10. O-O O-O 11. a3 a6 12. Qe2 b5 13. Rad1 Bb7 14. Bb1 Rfd8 15. Qd3 b4 16. Ne4 Nxe4 17. Qxe4 g6 18. Qg4 bxa3 19. bxa3 Qxa3 20. Ng5 Qa5 21. Rfe1 Nxd4 22. Nxh7 Nf3+ 23. gxf3 Kxh7 24. Bd4 Qg5 25. Qxg5 Bxg5 26. Re5 Bf6 27. Rh5+ Kg7 28. Bxf6+ Kxf6 29. Rxd8 Rxd8 0-1


[Site "https://www.chess.com"]

[Event "Titled Tuesday Blitz July 4 Late 2023"]
[White "Czopor, Maciej"]
[Black "Remolar Gallen, Jose"]
[WhiteFideId "21805431"]
[BlackFideId "2215187"]
[WhiteElo "2670"]
[BlackElo "2454"]
[Result "1-0"]
[Round "3"]
[TimeControl "180+2"]
[Date "2023.07.04"]
[WhiteClock "0:02:27"]
[BlackClock "0:01:39"]
[Board "71"]

1. c4 Nf6 2. Nc3 g6 3. e4 d6 4. d4 Bg7 5. f4 O-O 6. Nf3 Na6 7. Bd3 e5 8. fxe5 dxe5 9. d5 Nc5 10. Bc2 a5 11. O-O Qe7 12. Bg5 h6 13. Bh4 g5 14. Bf2 Ng4 15. Kh1 Nxf2+ 16. Rxf2 f5 17. exf5 e4 18. Nd4 Qe5 19. Ne6 Rxf5 20. Rxf5 Qxf5 21. Nxg7 Kxg7 22. Qd4+ 1-0


[Site "https://www.chess.com"]

[Event "Titled Tuesday Blitz July 4 Late 2023"]
[White "Miszler, Levente"]
[Black "Kavyev, Ruslan"]
[WhiteFideId "763276"]
[BlackFideId "34110981"]
[WhiteElo "2453"]
[BlackElo "2670"]
[Result "0-1"]
[Round "3"]
[TimeControl "180+2"]
[Date "2023.07.04"]
[WhiteClock "0:00:03"]
[BlackClock "0:00:15"]
[Board "72"]

1. e4 c5 2. Nf3 d6 3. d4 cxd4 4. Nxd4 Nf6 5. Nc3 a6 6. h3 e5 7. Nb3 Be6 8. g4 h6 9. Be3 Be7 10. a4 Nc6 11. a5 Rc8 12. Bg2 Nb4 13. O-O Qc7 14. Bb6 Qc6 15. f4 exf4 16. e5 Nfd5 17. Nxd5 Bxd5 18. Nd4 Qc4 19. exd6 Bxg2 20. dxe7 Bxf1 21. Nf5 Qd5 22. Qxf1 g6 23. Rd1 gxf5 24. Rxd5 Nxd5 25. Qd3 Nxe7 26. gxf5 Rg8+ 27. Kf2 Rg3 28. Qd6 Rxc2+ 29. Kf1 Rc8 30. f6 Ng6 31. Qd5 f3 32. Bc5 Rg5 33. Qe4+ Re5 34. Qxb7 Rexc5 35. Qxa6 Ne5 36. Qa7 R5c7 37. Qd4 Rc1+ 38. Kf2 R8c2+ 39. Kg3 Rg2+ 40. Kf4 Rc4 41. Kxe5 Rxd4 42. Kxd4 f2 43. a6 f1=Q 44. a7 Qa6 45. a8=Q+ Qxa8 0-1


[Site "https://www.chess.com"]

[Event "Titled Tuesday Blitz July 4 Late 2023"]
[White "Salimova, Nurgyul"]
[Black "Horcajuelo Rocamora, Martin"]
[WhiteFideId "2915138"]
[BlackFideId "24573027"]
[WhiteElo "2645"]
[BlackElo "2449"]
[Result "0-1"]
[Round "3"]
[TimeControl "180+2"]
[Date "2023.07.04"]
[WhiteClock "0:00:00"]
[BlackClock "0:01:15"]
[Board "73"]

1. Nf3 Nf6 2. g3 g6 3. d4 Bg7 4. Bg2 O-O 5. O-O c6 6. a4 d5 7. a5 Bf5 8. Bf4 Na6 9. Nbd2 b5 10. Nb3 Nd7 11. Re1 e6 12. Nfd2 c5 13. e4 dxe4 14. Nxe4 c4 15. Nbd2 Bxd4 16. Nd6 Bxb2 17. Rb1 Ba3 18. Nxf5 exf5 19. Bxa8 Qxa8 20. Rxb5 Qc6 21. Qb1 Bc5 22. Bh6 Rc8 23. Nf1 Qf6 24. Be3 Ne5 25. Qd1 Qc6 26. Rxc5 Nxc5 27. Nd2 Rd8 28. Bh6 Ne4 29. Qe2 Nxd2 30. Bxd2 Nf3+ 0-1


[Site "https://www.chess.com"]

[Event "Titled Tuesday Blitz July 4 Late 2023"]
[White "Ladan, Nicholas"]
[Black "Domingo Nunez, Ruben"]
[WhiteFideId "30918855"]
[BlackFideId "22245570"]
[WhiteElo "2449"]
[BlackElo "2614"]
[Result "0-1"]
[Round "3"]
[TimeControl "180+2"]
[Date "2023.07.04"]
[WhiteClock "0:01:28"]
[BlackClock "0:01:56"]
[Board "74"]

1. e3 g6 2. h4 Bg7 3. h5 d5 4. Nc3 e5 5. b3 c5 6. Bb2 Nc6 7. Bb5 Ne7 8. Nf3 Bg4 9. h6 Bf6 10. Ne2 Qd6 11. c4 e4 12. Bxf6 Qxf6 13. Nh2 Bxe2 14. Qxe2 Qxa1+ 0-1


[Site "https://www.chess.com"]

[Event "Titled Tuesday Blitz July 4 Late 2023"]
[White "Taboas Rodriguez, Daniel"]
[Black "Pinheiro, Iung Alicio de O."]
[WhiteFideId "2208466"]
[BlackFideId "2104350"]
[WhiteElo "2446"]
[BlackElo "2602"]
[Result "1-0"]
[Round "3"]
[TimeControl "180+2"]
[Date "2023.07.04"]
[WhiteClock "0:00:26"]
[BlackClock "0:00:00"]
[Board "75"]

1. d4 Nf6 2. Nf3 e6 3. c4 Bb4+ 4. Nbd2 O-O 5. a3 Be7 6. e4 d6 7. Bd3 e5 8. O-O exd4 9. Nxd4 Nc6 10. Nf5 Bxf5 11. exf5 Nd7 12. Be4 Nc5 13. Bd5 Bf6 14. Rb1 Ne7 15. Qc2 c6 16. Bf3 a5 17. b4 axb4 18. axb4 Na4 19. Bg4 d5 20. Nf3 dxc4 21. Qxc4 Nd5 22. b5 Nac3 23. Rb3 Nxb5 24. Bb2 Nd6 25. Qc5 Bxb2 26. Rxb2 Ne4 27. Qd4 Ndf6 28. Bh3 b5 29. Rc1 Qe8 30. g3 Ra4 31. Qb6 Ra3 32. Nd4 Ng5 33. Bg2 Qe5 34. Re2 Nfe4 35. h4 Nh3+ 36. Bxh3 Rd3 37. Nxc6 Rxg3+ 38. fxg3 Qxg3+ 39. Bg2 Nc3 40. Rf2 1-0


[Site "https://www.chess.com"]

[Event "Titled Tuesday Blitz July 4 Late 2023"]
[White "Barski, Radoslaw"]
[Black "HamedWafa4"]
[WhiteFideId "1131710"]
[WhiteElo "2443"]
[BlackElo "2598"]
[Result "1-0"]
[Round "3"]
[TimeControl "180+2"]
[Date "2023.07.04"]
[WhiteClock "0:00:23"]
[BlackClock "0:00:46"]
[Board "76"]

1. e4 e5 2. Nf3 Nc6 3. Bb5 a6 4. Ba4 Nf6 5. O-O Nxe4 6. d4 b5 7. Bb3 d5 8. dxe5 Be6 9. Qe2 Bc5 10. Be3 O-O 11. Rd1 Na5 12. h3 Nxb3 13. axb3 Qe7 14. Nc3 Nxc3 15. bxc3 Bxe3 16. Qxe3 c5 17. Qf4 a5 18. h4 Rfd8 19. h5 h6 20. g4 d4 21. cxd4 c4 22. bxc4 Bxc4 23. g5 hxg5 24. Nxg5 Bd5 25. Rd3 Ra6 26. Rg3 a4 27. e6 Rxe6 28. Nxe6 Qxe6 29. Qg5 g6 30. Qxd8+ Kg7 31. h6+ Kh7 32. Qf8 Qf6 33. Qg7+ Qxg7 34. hxg7 Kxg7 35. Rc3 Kf6 36. Rc5 Bc4 37. Rxc4 1-0


[Site "https://www.chess.com"]

[Event "Titled Tuesday Blitz July 4 Late 2023"]
[White "Grinev, Valeriy"]
[Black "szachmistrz2500"]
[WhiteFideId "14117517"]
[WhiteElo "2597"]
[BlackElo "2443"]
[Result "1-0"]
[Round "3"]
[TimeControl "180+2"]
[Date "2023.07.04"]
[WhiteClock "0:01:33"]
[BlackClock "0:00:00"]
[Board "77"]

1. e4 c5 2. Nf3 d6 3. Bb5+ Bd7 4. a4 Nc6 5. O-O Nf6 6. Nc3 a6 7. Bxc6 Bxc6 8. Re1 e5 9. d3 Be7 10. b3 O-O 11. h3 Ne8 12. g4 Nc7 13. Nd2 b5 14. axb5 axb5 15. Rxa8 Qxa8 16. f3 Bg5 17. Ne2 Be3+ 18. Kg2 Ne6 19. Nf1 Bxc1 20. Qxc1 Qa2 21. Qb1 Ra8 22. Qxa2 Rxa2 23. Rc1 b4 24. Ne3 Nc7 25. Kg3 g6 26. Nc4 Nb5 27. g5 Bd7 28. h4 Be6 29. Ne3 Bxb3 30. f4 Nd4 31. Nxd4 cxd4 32. cxb3 dxe3 33. fxe5 dxe5 34. Rc4 Rd2 35. Rxb4 Rxd3 36. Kf3 e2+ 37. Kxe2 Rh3 38. Rb5 Kf8 39. b4 Rb3 40. Kd2 f6 41. gxf6 Kf7 42. Kc2 Rh3 43. Rxe5 Kxf6 44. Re8 Rxh4 45. Kd3 h5 46. b5 Rh1 47. e5+ Kf7 48. Rb8 h4 49. b6 Rb1 50. b7 Kg7 51. e6 h3 52. e7 Re1 53. e8=Q Rxe8 54. Rxe8 1-0


[Site "https://www.chess.com"]

[Event "Titled Tuesday Blitz July 4 Late 2023"]
[White "Sargsyan, Anna M."]
[Black "Hoffmann, Asa"]
[WhiteFideId "13308130"]
[BlackFideId "2001470"]
[WhiteElo "2597"]
[BlackElo "2441"]
[Result "1-0"]
[Round "3"]
[TimeControl "180+2"]
[Date "2023.07.04"]
[WhiteClock "0:01:09"]
[BlackClock "0:01:13"]
[Board "78"]

1. d4 Nf6 2. c4 c5 3. d5 e5 4. Nc3 d6 5. e4 Be7 6. g3 O-O 7. Bg2 Na6 8. Nge2 Ne8 9. O-O Bd7 10. f4 Bf6 11. Kh1 Nec7 12. Be3 b5 13. cxb5 Nxb5 14. Nxb5 Bxb5 15. Qd2 Rb8 16. Rf2 Bxe2 17. Qxe2 Qa5 18. Bd2 Qa4 19. Bc3 Rfe8 20. Raf1 Rb7 21. a3 Qd7 22. Qxa6 Rb5 23. fxe5 dxe5 24. Rxf6 gxf6 25. Qxf6 Rb6 26. Qf2 Rg6 27. Qxc5 Rc8 28. Qf2 f6 29. Qf5 Qc7 30. Bh3 Rb8 31. Qe6+ Kg7 32. d6 Qd8 33. d7 Rb6 34. Qe8 Rb8 35. Qxd8 Rxd8 36. Ba5 1-0


[Site "https://www.chess.com"]

[Event "Titled Tuesday Blitz July 4 Late 2023"]
[White "Srdanovic, Jovana"]
[Black "Vdovin, Vadim"]
[WhiteFideId "954810"]
[BlackFideId "24107158"]
[WhiteElo "2437"]
[BlackElo "2595"]
[Result "0-1"]
[Round "3"]
[TimeControl "180+2"]
[Date "2023.07.04"]
[WhiteClock "0:00:07"]
[BlackClock "0:00:07"]
[Board "79"]

1. d4 Nf6 2. c4 e6 3. Nf3 d5 4. Nc3 c5 5. cxd5 Nxd5 6. e4 Nxc3 7. bxc3 cxd4 8. cxd4 Bb4+ 9. Bd2 Bxd2+ 10. Qxd2 O-O 11. Be2 b6 12. O-O Bb7 13. Qe3 Nc6 14. Rfd1 Qe7 15. Bd3 Rfd8 16. a4 Rac8 17. h4 h6 18. h5 Nb4 19. Bb1 Nc2 20. Bxc2 Rxc2 21. Rdc1 Rdc8 22. Rxc2 Rxc2 23. Ne5 Qh4 24. Re1 Qxh5 25. Qd3 Rc8 26. f3 f6 27. Ng4 Qa5 28. Ra1 Qc3 29. Qxc3 Rxc3 30. a5 b5 31. a6 Bc8 32. Nf2 b4 33. Rb1 b3 34. d5 Bxa6 35. dxe6 Bc4 36. Nd1 Rc2 37. Ne3 Bxe6 38. Nxc2 bxc2 39. Ra1 a5 40. Kf2 Ba2 41. Ke2 Bb3 42. Kd2 a4 43. Kc3 Kf7 44. f4 g5 45. f5 h5 46. g3 Ke7 47. Kb2 Kd6 48. e5+ Kxe5 49. Rf1 Bd5 50. Re1+ Kxf5 51. Kxc2 a3 52. Ra1 a2 53. Rd1 Be6 54. Rf1+ Kg4 55. Kb2 Bf5 56. Kxa2 Be6+ 57. Kb2 f5 58. Rg1 Kf3 59. Kc2 Kf2 60. Rh1 Bf7 61. Kd3 Kxg3 62. Rg1+ Kf4 63. Rf1+ Ke5 64. Re1+ Kf6 65. Rh1 g4 66. Ke3 Kg5 67. Rc1 h4 68. Rc7 Bd5 69. Kf2 g3+ 70. Kg1 h3 71. Rh7 h2+ 72. Rxh2 gxh2+ 73. Kxh2 Kf4 74. Kg1 Ke3 75. Kf1 f4 76. Ke1 f3 77. Kf1 Bc4+ 78. Kg1 f2+ 0-1


[Site "https://www.chess.com"]

[Event "Titled Tuesday Blitz July 4 Late 2023"]
[White "KorolDimitriy75"]
[Black "Atanasov, Anthony"]
[BlackFideId "2623897"]
[WhiteElo "2432"]
[BlackElo "2593"]
[Result "1/2-1/2"]
[Round "3"]
[TimeControl "180+2"]
[Date "2023.07.04"]
[WhiteClock "0:00:40"]
[BlackClock "0:00:01"]
[Board "80"]

1. d4 e5 2. dxe5 Qe7 3. Nf3 Nc6 4. Nc3 Nxe5 5. Nd5 Nxf3+ 6. gxf3 Qd8 7. Bf4 d6 8. e4 Ne7 9. Bc4 Nxd5 10. Qxd5 Qf6 11. Bg5 Qxf3 12. Bb5+ Bd7 13. Bxd7+ Kxd7 14. Qb5+ Ke6 15. Qd5+ Kd7 16. Qb5+ c6 17. Qxb7+ Ke6 18. Qxc6 f6 19. Qd5+ Ke7 20. Qb7+ Ke6 21. Qd5+ Kd7 22. Qb7+ Ke6 23. Qd5+ 1/2-1/2


[Site "https://www.chess.com"]

[Event "Titled Tuesday Blitz July 4 Late 2023"]
[White "Herman, Daniel"]
[Black "Ezat, Mohamed"]
[WhiteFideId "30935008"]
[BlackFideId "10600906"]
[WhiteElo "2430"]
[BlackElo "2590"]
[Result "0-1"]
[Round "3"]
[TimeControl "180+2"]
[Date "2023.07.04"]
[WhiteClock "0:00:15"]
[BlackClock "0:01:54"]
[Board "81"]

1. d4 Nf6 2. Bg5 d5 3. Bxf6 exf6 4. e3 c6 5. c4 dxc4 6. Bxc4 Bd6 7. Nc3 O-O 8. Nge2 f5 9. O-O Nd7 10. Qc2 Nf6 11. Rab1 Qe7 12. Rfd1 Ne4 13. Ng3 Re8 14. Bd3 Nxg3 15. hxg3 g6 16. Na4 h5 17. Nc5 h4 18. gxh4 Qxh4 19. g3 Qg5 20. b4 b6 21. Nb3 Bxg3 22. fxg3 Rxe3 23. Qf2 Rxg3+ 24. Kf1 f4 25. Be4 Ba6+ 26. Ke1 Re8 0-1


[Site "https://www.chess.com"]

[Event "Titled Tuesday Blitz July 4 Late 2023"]
[White "Ballester Llagaria, Luis Eduardo"]
[Black "Ai, Evan"]
[WhiteFideId "2297620"]
[BlackFideId "2094770"]
[WhiteElo "2588"]
[BlackElo "2429"]
[Result "1-0"]
[Round "3"]
[TimeControl "180+2"]
[Date "2023.07.04"]
[WhiteClock "0:00:16"]
[BlackClock "0:00:01"]
[Board "82"]

1. e4 e5 2. Nf3 Nc6 3. Bc4 Nf6 4. O-O Bc5 5. d4 Bxd4 6. Nxd4 Nxd4 7. f4 d6 8. fxe5 dxe5 9. Bg5 Be6 10. Na3 c6 11. c3 Bxc4 12. Nxc4 Ne6 13. Nd6+ Ke7 14. Nf5+ Kf8 15. Bxf6 gxf6 16. Qh5 Qb6+ 17. Kh1 Rg8 18. Qh6+ Ng7 19. Qxf6 Nxf5 20. Rxf5 Qc7 21. Raf1 Rg7 22. Rxe5 Rd8 23. h3 Rd6 24. Qf4 Qd7 25. Rf5 Kg8 26. e5 Rd1 27. Rxd1 Qxd1+ 28. Kh2 Qe2 29. Rg5 Rg6 30. h4 Qxb2 31. h5 Rxg5 32. Qxg5+ Kf8 33. Qd8+ Kg7 34. Qf6+ Kf8 35. h6 Qb6 36. Qh8+ Ke7 37. Qf6+ Kf8 38. Qg7+ Ke7 39. Qxh7 Qe3 40. Qg7 Qf4+ 41. Kh3 Qf5+ 42. Kg3 Qd3+ 43. Kh2 Qe3 44. h7 Qf4+ 45. Kh3 Qf5+ 46. Kg3 Qd3+ 47. Kh2 Qd2 48. h8=Q Qf4+ 49. Qg3 1-0


[Site "https://www.chess.com"]

[Event "Titled Tuesday Blitz July 4 Late 2023"]
[White "FromTexas54"]
[Black "Zavgorodniy, Sergiy"]
[BlackFideId "14110148"]
[WhiteElo "2428"]
[BlackElo "2587"]
[Result "0-1"]
[Round "3"]
[TimeControl "180+2"]
[Date "2023.07.04"]
[WhiteClock "0:00:00"]
[BlackClock "0:00:06"]
[Board "83"]

1. d4 d5 2. c4 dxc4 3. Nf3 Nf6 4. e3 e6 5. Bxc4 a6 6. O-O b5 7. Bb3 Bb7 8. Qe2 Nbd7 9. Nc3 c5 10. Rd1 Qc7 11. h3 Be7 12. e4 cxd4 13. Nxd4 Nc5 14. Bc2 b4 15. e5 bxc3 16. exf6 Bxf6 17. bxc3 O-O 18. Be3 Rac8 19. Rac1 Rfd8 20. Qg4 g6 21. Bh6 Bg7 22. Bxg7 Kxg7 23. h4 h5 24. Qg5 Rd5 25. Qe3 Rcd8 26. Re1 Ba8 27. Nf3 Nd3 28. Bxd3 Rxd3 29. Qe5+ Qxe5 30. Nxe5 Rd2 31. a4 Ra2 32. Ra1 Rxa1 33. Rxa1 Rd5 34. Nf3 Rd3 35. Ng5 Rxc3 36. Rb1 Bd5 37. Rb6 Rc6 38. Rb8 Rc4 39. a5 Rc1+ 40. Kh2 Rc5 41. Rd8 Rc7 42. Rd6 Bc4 43. Kg3 Bb5 44. Nxe6+ fxe6 45. Rxe6 Kf7 46. Rb6 Rc3+ 47. f3 Ra3 48. Kf4 Rxa5 49. Rb7+ Kf6 50. Rb6+ Kg7 51. Rb7+ Kh6 52. g4 Ra4+ 53. Kg3 hxg4 54. fxg4 g5 55. Rb6+ Kg7 56. hxg5 Rc4 57. Rb7+ Kg6 58. Kh4 Rc1 59. Rb6+ Kf7 60. g6+ Kg7 61. Kh5 Rc5+ 62. g5 Be2+ 63. Kh4 Rc7 64. Re6 Bd3 65. Kh5 Bb5 66. Rd6 Rd7 67. Rb6 Re7 68. Rd6 Ra7 69. Rb6 Be8 70. Kg4 Bxg6 71. Kf4 a5 72. Rb3 a4 73. Ra3 Bf7 74. Ke5 Bb3 75. Kf4 Ra5 76. Kg4 Kg6 77. Kf4 Rxg5 78. Ke3 Rc5 79. Kd4 Rc2 80. Kd3 Rc1 81. Kd2 Rc8 82. Ra1 Kf6 83. Kd3 Ke5 84. Ke3 Kd5 85. Kd3 Rc5 86. Ke3 Kc6 87. Kd3 Kb5 88. Rg1 Kb4 89. Kd2 Rc4 90. Rg7 Ka3 91. Rb7 Kb2 92. Ra7 Rc8 93. Ke3 a3 94. Kd4 a2 0-1


[Site "https://www.chess.com"]

[Event "Titled Tuesday Blitz July 4 Late 2023"]
[White "Jaskolka, Tomasz"]
[Black "Kielinkei"]
[WhiteFideId "1170791"]
[WhiteElo "2585"]
[BlackElo "2427"]
[Result "1-0"]
[Round "3"]
[TimeControl "180+2"]
[Date "2023.07.04"]
[WhiteClock "0:00:05"]
[BlackClock "0:00:03"]
[Board "84"]

1. d4 Nf6 2. Nc3 d5 3. Bf4 c5 4. e4 Nxe4 5. Nxe4 dxe4 6. dxc5 Qa5+ 7. c3 Qxc5 8. Qa4+ Nc6 9. Qxe4 g6 10. Nf3 Bg7 11. Rd1 O-O 12. Be3 Qa5 13. Bc4 Bf5 14. Qh4 Ne5 15. Nxe5 Qxe5 16. O-O Rad8 17. Rde1 Bf6 18. Qh6 Qa5 19. Bb3 Bd3 20. Qf4 Bxf1 21. Kxf1 a6 22. h3 Qe5 23. Qf3 Qc7 24. Bh6 Bg7 25. Bg5 Rd7 26. Bf4 e5 27. Bg5 Qc6 28. Qg3 Kh8 29. h4 f5 30. h5 e4 31. h6 Bf6 32. Bf4 b5 33. Qe3 a5 34. a3 a4 35. Ba2 Rc8 36. g3 Qc5 37. Qe2 Be5 38. Be3 Qc6 39. Kg2 Rcd8 40. c4 Rd3 41. cxb5 Qxb5 42. Rc1 Qb7 43. Qc2 R3d6 44. Qc5 Bf6 45. Qc4 R6d7 46. Qxa4 Qxb2 47. Rc2 Qb7 48. Qc4 Re7 49. Kh2 Qd7 50. Qc5 Rf7 51. Bf4 Re7 52. Be3 Rde8 53. Bf4 Qd8 54. Qc6 Rf7 55. Qc5 Rfe7 56. Qc6 Rf8 57. Bd6 Qe8 58. Qc5 Ref7 59. Bxf7 Rxf7 60. Qd5 Rd7 61. Rc6 Qd8 62. Qc5 Be7 63. Rc8 Bxd6 64. Rxd8+ Rxd8 65. Qd4+ Kg8 66. Qg7# 1-0


[Site "https://www.chess.com"]

[Event "Titled Tuesday Blitz July 4 Late 2023"]
[White "Subelj, Jan"]
[Black "Manukian, Artak"]
[WhiteFideId "14618583"]
[BlackFideId "13301373"]
[WhiteElo "2585"]
[BlackElo "2427"]
[Result "1-0"]
[Round "3"]
[TimeControl "180+2"]
[Date "2023.07.04"]
[WhiteClock "0:01:08"]
[BlackClock "0:01:07"]
[Board "85"]

1. e4 c6 2. Nf3 d5 3. d3 Qc7 4. Nc3 Nf6 5. e5 Nfd7 6. d4 e6 7. Ne2 c5 8. c3 Nc6 9. Nf4 cxd4 10. cxd4 Bb4+ 11. Bd2 Qa5 12. a3 Bxd2+ 13. Qxd2 Qxd2+ 14. Kxd2 a6 15. Bd3 b5 16. h4 Bb7 17. Rhc1 h6 18. h5 Ke7 19. g4 Rhc8 20. Rg1 Na5 21. Ke2 Nc4 22. Rab1 a5 23. g5 hxg5 24. Rxg5 Rg8 25. Bh7 Rgf8 26. Rxg7 b4 27. Ng6+ Ke8 28. Nxf8 Nxf8 29. Bg8 Ba6 30. Bxf7+ Kd8 31. Ke1 Ra7 32. Ng5 Bb5 33. h6 bxa3 34. Rg8 Ke7 35. bxa3 Nxa3 36. Rc1 Nc4 37. Bxe6 Nxe6 38. h7 Nxg5 39. Rxg5 1-0


[Site "https://www.chess.com"]